PIO (24 & UNDER)
JASPER COUGARS @ SURREY SINNERS
09/22/2027
 
TOP OF THE 1ST
Jasper Cougars batting - Pitching for Surrey Sinners : LHP Scott Davis
Pitching: LHP Scott Davis
Batting: LHB Jon Rogers 0-0: Foul Ball, location: 2F
0-1: Swinging Strike
0-2: Ball
1-2: Foul Ball, location: 2F
1-2: SOLO HOME RUN (Flyball, 89XD), Distance : 413 ft
Batting: RHB Bob Cole 0-0: Called Strike
0-1: Fly out, F9 (Line Drive, 9LM)
Batting: LHB António Camacho 0-0: Ball
1-0: Foul Ball, location: 2F
1-1: Ball
2-1: Foul Ball, location: 2F
2-2: Ground out 4-3 (Groundball, 4)
Batting: LHB Jon Scott 0-0: Foul Ball, location: 2F
0-1: Ball
1-1: Ball
2-1: Foul Ball, location: 2F
2-2: Strikes out swinging
Top of the 1st over - 1 run(s), 1 hit(s), 0 error(s), 0 left on base; Jasper 1 - Surrey 0
BOTTOM OF THE 1ST
Surrey Sinners batting - Pitching for Jasper Cougars : LHP Alberto Guerra
Pitching: LHP Alberto Guerra
Batting: LHB Juan Hinojosa 0-0: Ground out U3 (Groundball, 3L)
Batting: LHB Jorge Martínez 0-0: Ball
1-0: Ground out 4-3 (Groundball, 4)
Batting: LHB Iván Espinosa 0-0: Fly out, F3 (Line Drive, 34)
Bottom of the 1st over - 0 run(s), 0 hit(s), 0 error(s), 0 left on base; Jasper 1 - Surrey 0
TOP OF THE 2ND
Jasper Cougars batting - Pitching for Surrey Sinners : LHP Scott Davis
Batting: RHB Ron Elazar 0-0: Ball
1-0: Foul Ball, location: 2F
1-1: Ground out 6-3 (Groundball, 56)
Batting: LHB David Adams 0-0: Foul Ball, location: 2F
0-1: Ball
1-1: Ground out 4-3 (Groundball, 34)
Batting: LHB Francisco Cardenas 0-0: Ball
1-0: Foul Ball, location: 2F
1-1: Foul Ball, location: 2F
1-2: Ball
2-2: Ball
3-2: Ground out 4-3 (Groundball, 4D)
Top of the 2nd over - 0 run(s), 0 hit(s), 0 error(s), 0 left on base; Jasper 1 - Surrey 0
BOTTOM OF THE 2ND
Surrey Sinners batting - Pitching for Jasper Cougars : LHP Alberto Guerra
Batting: RHB Félix Castro 0-0: Fly out, F8 (Line Drive, 8RM)
Batting: RHB Eugene Booth 0-0: Ball
1-0: Called Strike
1-1: Ball
2-1: Foul Ball, location: 2F
2-2: Fly out, F4 (Popup, 3D)
Batting: RHB Heath O'Keerwin 0-0: Ball
1-0: Ball
2-0: Called Strike
2-1: Ball
3-1: Foul Ball, location: 2F
3-2: Strikes out looking
Bottom of the 2nd over - 0 run(s), 0 hit(s), 0 error(s), 0 left on base; Jasper 1 - Surrey 0
TOP OF THE 3RD
Jasper Cougars batting - Pitching for Surrey Sinners : LHP Scott Davis
Batting: RHB José Maldonado 0-0: Fly out, F9 (Flyball, 9LS)
Batting: RHB Alberto Castillo 0-0: Called Strike
0-1: Ball
1-1: Foul Ball, location: 2F
1-2: Strikes out swinging
Batting: LHB Jon Rogers 0-0: Ball
1-0: Called Strike
1-1: Ground out 6-3 (Groundball, 6)
Top of the 3rd over - 0 run(s), 0 hit(s), 0 error(s), 0 left on base; Jasper 1 - Surrey 0
BOTTOM OF THE 3RD
Surrey Sinners batting - Pitching for Jasper Cougars : LHP Alberto Guerra
Batting: SHB Norberto Muńóz 0-0: Called Strike
0-1: Foul Ball, location: 2F
0-2: Foul Ball, location: 2F
0-2: Ball
1-2: Ball
2-2: Ball
3-2: Base on Balls
Batting: RHB Dennis House 0-0: Ball
1-0: Grounds into double play, 4-6-3 (Groundball, 4)
Batting: RHB Mauro Paredes 0-0: Called Strike
0-1: Ball
1-1: Swinging Strike
1-2: Ball
2-2: Strikes out swinging
Bottom of the 3rd over - 0 run(s), 0 hit(s), 0 error(s), 0 left on base; Jasper 1 - Surrey 0
TOP OF THE 4TH
Jasper Cougars batting - Pitching for Surrey Sinners : LHP Scott Davis
Batting: RHB Bob Cole 0-0: Called Strike
0-1: SINGLE (Groundball, 34D)
Batting: LHB António Camacho 0-0: Swinging Strike
0-1: Ball
1-1: Ball
2-1: Called Strike
2-2: Ball
3-2: Foul Ball, location: 2F
3-2: Foul Ball, location: 2F
3-2: Grounds into double play, 6-4-3 (Groundball, 6)
Batting: LHB Jon Scott 0-0: SINGLE (Flyball, 9LM)
Batting: RHB Ron Elazar 0-0: Ball
1-0: SINGLE (Flyball, 89S)
Jon Scott to second
Batting: LHB David Adams 0-0: Ball
1-0: Fielders Choice at 2nd, 6-4 (Groundball, 6)
Top of the 4th over - 0 run(s), 3 hit(s), 0 error(s), 1 left on base; Jasper 1 - Surrey 0
BOTTOM OF THE 4TH
Surrey Sinners batting - Pitching for Jasper Cougars : LHP Alberto Guerra
Batting: LHB Juan Hinojosa 0-0: Called Strike
0-1: Called Strike
0-2: SINGLE (Groundball, 34D)
Batting: LHB Jorge Martínez 0-0: Ball
Throwing error on steal attempt, E2
Juan Hinojosa to third
1-0: Ball
2-0: Called Strike
2-1: Ground out 3-1 (Groundball, 34S)
Juan Hinojosa scores
Batting: LHB Iván Espinosa 0-0: SINGLE (Line Drive, 34)
Batting: RHB Félix Castro 0-0: Ball
1-0: Ball
2-0: Swinging Strike
2-1: Grounds into double play, 1-6-3 (Groundball, P)
Bottom of the 4th over - 1 run(s), 2 hit(s), 1 error(s), 0 left on base; Jasper 1 - Surrey 1
TOP OF THE 5TH
Jasper Cougars batting - Pitching for Surrey Sinners : LHP Scott Davis
Batting: LHB Francisco Cardenas 0-0: Ball
1-0: SINGLE (Groundball, 34D)
Batting: RHB José Maldonado 0-0: Foul Ball, location: 2F
0-1: Called Strike
0-2: Ball
1-2: Strikes out swinging
Batting: RHB Alberto Castillo 0-0: Called Strike
0-1: Swinging Strike
0-2: Ball
1-2: Strikes out swinging
Batting: LHB Jon Rogers 0-0: Ball
1-0: Ball
2-0: Ball
3-0: Base on Balls
Francisco Cardenas to second
Batting: RHB Bob Cole 0-0: Fly out, F5 (Line Drive, 56)
Top of the 5th over - 0 run(s), 1 hit(s), 0 error(s), 2 left on base; Jasper 1 - Surrey 1
BOTTOM OF THE 5TH
Surrey Sinners batting - Pitching for Jasper Cougars : LHP Alberto Guerra
Batting: RHB Eugene Booth 0-0: Ball
1-0: Fly out, F4 (Popup, 4S)
Batting: RHB Heath O'Keerwin 0-0: Foul Ball, location: 2F
0-1: Swinging Strike
0-2: Foul Ball, location: 2F
0-2: Foul Ball, location: 2F
0-2: Strikes out swinging
Batting: SHB Norberto Muńóz 0-0: Swinging Strike
0-1: Foul Ball, location: 2F
0-2: Ball
1-2: Ball
2-2: Ball
3-2: Base on Balls
Batting: RHB Dennis House 0-0: Ball
1-0: 2-RUN HOME RUN (Flyball, 78XD), Distance : 391 ft
Batting: RHB Mauro Paredes 0-0: Ball
1-0: Foul Ball, location: 2F
1-1: Foul Ball, location: 2F
1-2: Strikes out swinging
Bottom of the 5th over - 2 run(s), 1 hit(s), 0 error(s), 0 left on base; Jasper 1 - Surrey 3
TOP OF THE 6TH
Jasper Cougars batting - Pitching for Surrey Sinners : LHP Scott Davis
Batting: LHB António Camacho 0-0: Called Strike
0-1: Foul Ball, location: 2F
0-2: Ball
1-2: Strikes out swinging
Batting: LHB Jon Scott 0-0: Ground out 4-3 (Groundball, 4)
Batting: RHB Ron Elazar 0-0: Called Strike
0-1: Swinging Strike
0-2: SINGLE (Groundball, 6MD)
Batting: LHB David Adams 0-0: Fly out, F7 (Flyball, 78M)
Top of the 6th over - 0 run(s), 1 hit(s), 0 error(s), 1 left on base; Jasper 1 - Surrey 3
BOTTOM OF THE 6TH
Surrey Sinners batting - Pitching for Jasper Cougars : LHP Alberto Guerra
Batting: LHB Juan Hinojosa 0-0: Called Strike
0-1: Ball
1-1: Ball
2-1: DOUBLE (Groundball, 5L)
Batting: LHB Jorge Martínez 0-0: Ball
1-0: Called Strike
1-1: Ball
Juan Hinojosa steals 3rd base
2-1: Called Strike
2-2: Ball
3-2: Foul Ball, location: 2F
3-2: Strikes out swinging
Batting: LHB Iván Espinosa 0-0: Ball
1-0: Ball
2-0: Ball
3-0: Base on Balls
Batting: RHB Félix Castro 0-0: Called Strike
0-1: Foul Ball, location: 2F
0-2: Foul Ball, location: 2F
0-2: Foul Ball, location: 2F
0-2: Foul Ball, location: 2F
0-2: Foul Ball, location: 2F
0-2: Ball
1-2: Foul Ball, location: 2F
1-2: Foul Ball, location: 2F
1-2: Ball
2-2: SINGLE (Flyball, 8RS)
Juan Hinojosa scores
Iván Espinosa to second
Pitching: RHP António Peńa
Batting: RHB Eugene Booth 0-0: Grounds into double play, 4-6-3 (Groundball, 4)
Bottom of the 6th over - 1 run(s), 2 hit(s), 0 error(s), 1 left on base; Jasper 1 - Surrey 4
TOP OF THE 7TH
Jasper Cougars batting - Pitching for Surrey Sinners : LHP Scott Davis
Batting: LHB Francisco Cardenas 0-0: Foul Ball, location: 2F
0-1: Ball
1-1: Swinging Strike
1-2: Ball
2-2: Foul Ball, location: 2F
2-2: Strikes out swinging
Batting: RHB José Maldonado 0-0: Called Strike
0-1: Foul Ball, location: 2F
0-2: Strikes out swinging
Batting: RHB Alberto Castillo 0-0: Ball
1-0: Foul Ball, location: 2F
1-1: Ball
2-1: Foul Ball, location: 2F
2-2: Foul Ball, location: 2F
2-2: Foul Ball, location: 2F
2-2: SINGLE (Groundball, 56D)
Pitching: LHP Dalton Hayes
Batting: LHB Jon Rogers 0-0: Ball
1-0: Fly out, F7 (Flyball, 78XD)
Top of the 7th over - 0 run(s), 1 hit(s), 0 error(s), 1 left on base; Jasper 1 - Surrey 4
BOTTOM OF THE 7TH
Surrey Sinners batting - Pitching for Jasper Cougars : RHP António Peńa
Batting: RHB Heath O'Keerwin 0-0: Swinging Strike
0-1: Ball
1-1: Ground out 6-3 (Groundball, 6M)
Batting: SHB Norberto Muńóz 0-0: Ball
1-0: Called Strike
1-1: Foul Ball, location: 2F
1-2: Strikes out looking
Batting: RHB Dennis House 0-0: Called Strike
0-1: Called Strike
0-2: Ball
1-2: Foul Ball, location: 2F
1-2: Ball
2-2: Ball
3-2: Strikes out looking
Bottom of the 7th over - 0 run(s), 0 hit(s), 0 error(s), 0 left on base; Jasper 1 - Surrey 4
TOP OF THE 8TH
Jasper Cougars batting - Pitching for Surrey Sinners : LHP Dalton Hayes
Batting: RHB Bob Cole 0-0: Foul Ball, location: 2F
0-1: DOUBLE (Line Drive, 89M)
Pitching: LHP Clarence Gill
Batting: LHB António Camacho 0-0: Ball
1-0: Called Strike
1-1: Ground out 5-3 (Groundball, 56)
Batting: LHB Jon Scott 0-0: Swinging Strike
0-1: Ball
1-1: Ball
2-1: Called Strike
2-2: Ball
3-2: Foul Ball, location: 2F
3-2: Strikes out swinging
Pitching: RHP Mike Alexander
Batting: RHB Ron Elazar 0-0: Called Strike
0-1: Ball
1-1: Fly out, F9 (Flyball, 9S)
Top of the 8th over - 0 run(s), 1 hit(s), 0 error(s), 1 left on base; Jasper 1 - Surrey 4
BOTTOM OF THE 8TH
Surrey Sinners batting - Pitching for Jasper Cougars : RHP António Peńa
Batting: RHB Mauro Paredes 0-0: Foul Ball, location: 2F
0-1: Called Strike
0-2: Ball
1-2: DOUBLE (Groundball, 5L)
Batting: LHB Juan Hinojosa 0-0: Ball
1-0: Foul Ball, location: 2F
1-1: Fly out, F8 (Flyball, 78M)
Batting: LHB Jorge Martínez 0-0: Foul Ball, location: 2F
0-1: SINGLE (Groundball, 4MD)
Mauro Paredes to third
Runner from 3rd tries for Home, throw and OUT!
Jorge Martínez to second
Batting: LHB Iván Espinosa 0-0: Ball
1-0: Foul Ball, location: 2F
1-1: Ground out U3 (Groundball, 34S)
Bottom of the 8th over - 0 run(s), 2 hit(s), 0 error(s), 1 left on base; Jasper 1 - Surrey 4
TOP OF THE 9TH
Jasper Cougars batting - Pitching for Surrey Sinners : RHP Mike Alexander
Pitching: LHP Miguel Pazo
Batting: LHB David Adams 0-0: Foul Ball, location: 2F
0-1: Ball
1-1: Ball
2-1: Swinging Strike
2-2: Strikes out swinging
Batting: LHB Francisco Cardenas 0-0: Called Strike
0-1: Fly out, F8 (Line Drive, 8LS)
Batting: RHB José Maldonado 0-0: Ball
1-0: Called Strike
1-1: Ball
2-1: Foul Ball, location: 2F
2-2: Ball
3-2: Strikes out looking
Top of the 9th over - 0 run(s), 0 hit(s), 0 error(s), 0 left on base; Jasper 1 - Surrey 4
Thursday, March 30th, 2017 - OOTP Baseball 17.12 Build 75